 Dungeon Crawl Stone Soup version 0.25-a0-603-g0321be95db (webtiles) character file.

Game seed: 14956026488170057802, levelgen mode: deterministic

6068 Kohma the Blocker (level 10, -7/77 HPs)
             Began as a Red Draconian Venom Mage on Mar 16, 2020.
             Was a Believer of Ashenzari.
             Mangled by a vampire (11 damage)
             ... on level 9 of the Dungeon.
             The game lasted 00:40:37 (11633 turns).

Kohma the Blocker (Red Draconian Venom Mage)       Turns: 11633, Time: 00:40:38

Health: -7/77      AC: 15    Str: 12    XL:     10   Next: 57%
Magic:  16/19      EV: 12    Int: 18    God:    Ashenzari [**....]
Gold:   380        SH:  0    Dex: 13    Spells: 3/21 levels left

rFire    + . .     SeeInvis .   D - +6 falchion of Dissent {vamp, +Rage rN+ Dex+2} (curse)
rCold    . . .     Gourm    .   (no shield)
rNeg     + . .     Faith    .   (armour unavailable)
rPois    .         Spirit   .   (helmet restricted)
rElec    .         Reflect  .   (no cloak)
rCorr    .         Harm     .   i - +0 pair of gloves
MR       .....                  u - +2 pair of boots (curse)
Stlth    ++........             (no amulet)
HPRegen  0.22/turn              p - +4 ring of protection (curse)
MPRegen  0.16/turn              (no ring)

@: mighty
A: breathe fire, unfitting armour, fire resistance 1, cold-blooded, AC +7
a: Breathe Fire, Curse Item, Scrying, Renounce Religion, Evoke Berserk Rage


You were on level 9 of the Dungeon.
You worshipped Ashenzari.
Ashenzari was pleased with you.
You were hungry.

You visited 1 branch of the dungeon, and saw 9 of its levels.
You also visited: Sewer.

You collected 380 gold pieces.

Inventory:

Hand Weapons
 g - a +1 falchion of flaming
 x - a +1 dagger of venom
 D - the cursed +6 falchion of Dissent (weapon) {vamp, +Rage rN+ Dex+2}
   (You found it on level 7 of the Dungeon)

   It inflicts no extra harm, but heals its wielder when it wounds a living foe.
   It affects your dexterity (+2).
   It protects you from negative energy.
   It lets you go berserk.
   It has a curse placed upon it.
Missiles
 s - a throwing net (quivered)
 v - 31 poisoned darts
Armour
 f - a +0 kite shield
 i - a +0 pair of gloves (worn)
 u - a cursed +2 pair of boots (worn)
Jewellery
 p - a cursed +4 ring of protection (left hand)
 E - an uncursed ring of protection from magic
 F - an uncursed amulet of regeneration
Wands
 j - a wand of iceblast (11)
 q - a wand of digging (5)
 G - a wand of random effects (25)
 I - a wand of flame (11)
Scrolls
 c - 2 scrolls of magic mapping
 n - 2 scrolls of fear
 o - 4 scrolls of teleportation
 t - a scroll of remove curse
 w - a scroll of fog
 y - 3 scrolls of identify
 z - a scroll of blinking
 A - a scroll of noise {unknown}
 B - a scroll of enchant armour
 C - a scroll of random uselessness {unknown}
Potions
 a - 4 potions of curing
 d - 4 potions of haste
 e - 2 potions of flight
 h - 5 potions of stabbing
 k - 2 potions of mutation
 l - a potion of invisibility
Comestibles
 b - 15 rations


   Skills:
 - Level 3.0 Fighting
 + Level 4.8(7.0) Long Blades
 - Level 1.7 Dodging
 - Level 1.7 Stealth
 * Level 9.4 Shields
 - Level 6.0 Spellcasting
 - Level 2.0 Conjurations
 - Level 2.0 Hexes
 - Level 2.0 Translocations
 - Level 1.0 Transmutations
 - Level 4.0 Fire Magic
 - Level 3.0 Air Magic
 - Level 8.0 Poison Magic


You had 3 spell levels left.
You knew the following spells:

 Your Spells              Type           Power        Failure   Level  Hunger
a - Sting                 Tmut/Pois      ###.         1%          1    None
b - Poisonous Vapours     Pois/Air       ####..       1%          2    None
c - Mephitic Cloud        Conj/Pois/Air  ###.....     6%          3    ##.....
d - Ignite Poison         Fire/Tmut/Pois ###.....     6%          3    ##.....
e - Olgreb's Toxic Radia  Pois           ####....     4%          4    ####...
f - Confusing Touch       Hex            ##......     16%         3    ##.....
g - Blink                 Tloc           N/A          8%          2    None

Your spell library contained the following spells:

 Spells                   Type           Power        Failure   Level  Hunger
 Corona                   Hex            ##.....      5%          1    None
 Magic Dart               Conj           ##..         5%          1    None
 Searing Ray              Conj           ##....       8%          2    None
 Slow                     Hex            ##......     8%          2    None
 Conjure Flame            Conj/Fire      ###.....     11%         3    ##.....
 Ensorcelled Hibernation  Hex/Ice        #.....       12%         2    None
 Dazzling Flash           Conj/Hex       ##....       16%         3    ##.....
 Gell's Gravitas          Tloc           ##........   16%         3    ##.....
 Tukima's Dance           Hex            ##......     16%         3    ##.....
 Call Imp                 Summ           #.......     19%         2    None
 Fulminant Prism          Conj/Hex       ##........   45%         4    ####...
 Iskenderun's Mystic Bla  Conj/Tloc      ##......     45%         4    ####...
 Petrify                  Tmut/Erth      #.......     67%         4    ####...
 Yara's Violent Unravell  Hex/Tmut       ##........   87%         5    #####..
 Metabolic Englaciation   Hex/Ice        #.........   91%         5    #####..


Dungeon Overview and Level Annotations

Branches:
Dungeon (9/15)             Temple (0/1) D:7            Lair (0/6) D:8
  Sewer (visited)
    Orc: D:9-12

Altars:
Ashenzari
Dithmenos
Fedhas
Hepliaklqana
Kikubaaqudgha
Qazlal
Ru
Vehumet
Wu Jian
The Shining One

Shops:
D:4 [


Innate Abilities, Weirdness & Mutations

You can breathe blasts of fire.
Your fiery red scales are hard. (AC +7)
You cannot fit into any form of body armour.
Your flesh is heat resistant. (rF+)
You are cold-blooded and may be slowed by cold attacks.


Message History

You feel better. The vampire barely misses you. The vampire misses you.
Casting: Poisonous Vapours (safe; 1% risk of failure)
Confirm with . or Enter, or press ? or * to list all spells.
Your hands begin to glow red.
The vampire hits you.
* * * LOW HITPOINT WARNING * * *
The vampire bites you but does no damage.
You barely miss the vampire.
The vampire is moderately damaged.
The vampire closely misses you. The vampire bites you!
* * * LOW HITPOINT WARNING * * *
The vampire draws strength from your injuries!
You hit the vampire but do no damage.
The vampire appears confused.
The vampire is lightly damaged.
The vampire barely misses you. The vampire misses you.
You slash the vampire!
The vampire is heavily damaged.
The vampire hits you.
* * * LOW HITPOINT WARNING * * *
The vampire bites you!
You die...

#.....# #..# *,,, *
#..#..# #..# , .# ,
#..#..# #..# ,,.# *
#..#..# #..# * ..# *
#..#..###..# ..#
#..#.......# ..$# ,
#..#.......#####...#
,,
#..#.........)V.%.(#
#..#.#####...@..<..#
#..#.# #.#####...# *
#..#.# #.# * ..... ,
* #..#.#####.##
,.... #..#.##.P..(#
, ... *
#....#.PPPP.# * ## ,
, #....#PP_PP.# > ,
, #.#..#PP.PP.# * *
#.#....P....# , ,,,


You could see a vampire (confused).

Vanquished Creatures
  Pikel (D:5)
  Maurice (D:8)
  A queen bee (D:8)
  A troll (D:8)
  A hornet (D:7)
  Sigmund (D:3)
  A wyvern (D:8)
  A hungry ghost (D:8)
  A black bear (D:8)
  An orc warrior (D:8)
  3 phantoms
  Purgy (Sewer)
  3 sky beasts (D:8)
  6 ogres
  A slave (D:5)
  5 wolves
  A centaur (D:5)
  13 killer bees (D:8)
  3 howler monkeys
  2 electric eels (D:8)
  8 crimson imps
  9 hounds
  A jelly (D:5)
  A centaur zombie (D:6)
  2 centaur skeletons
  3 bullfrog skeletons
  3 orc priests
  6 orc wizards
  Jessica (D:3)
  Natasha (thrice) (D:2)
  2 iguanas (D:4)
  2 worker ants
  2 killer bee zombies (D:8)
  A hound zombie (D:5)
  Robin (D:2)
  7 gnolls
  A howler monkey skeleton (D:6)
  14 adders
  An ooze (D:3)
  2 adder skeletons
  A worm (D:3)
  A dart slug (D:2)
  13 leopard geckos
  27 orcs
  8 giant cockroaches
  13 goblins
  8 hobgoblins
  12 jackals
  3 quokkas
  7 bats
  9 frilled lizards
  2 jackal skeletons (D:4)
  6 kobolds
  4 rats
232 creatures vanquished.

Notes
Turn   | Place    | Note
-------+----------+-------------------------------------------
     0 | D:1      | Kohma the Draconian Venom Mage began the quest for the Orb.
     0 | D:1      | Reached XP level 1. HP: 14/14 MP: 3/3
   251 | D:1      | Reached XP level 2. HP: 20/20 MP: 5/5
   539 | D:1      | Learned a level 2 spell: Poisonous Vapours
   915 | D:1      | You fall into a shaft and drop 1 floor!
   915 | D:2      | Found an ornate altar of the Wu Jian Council.
   963 | D:3      | Reached XP level 3. HP: 23/26 MP: 3/6
  1044 | D:3      | Found a hazy altar of Hepliaklqana.
  1160 | D:3      | Found a glowing drain.
  1178 | Sewer    | Entered a sewer
  1326 | Sewer    | Reached skill level 1 in Air Magic
  1380 | Sewer    | Noticed Purgy
  1387 | Sewer    | Killed Purgy
  1387 | Sewer    | Reached XP level 4. HP: 21/33 MP: 0/8
  1387 | Sewer    | Reached XP level 5. HP: 25/38 MP: 0/9
  1497 | Sewer    | Learned a level 3 spell: Mephitic Cloud
  1501 | Sewer    | Learned a level 3 spell: Ignite Poison
  1595 | D:3      | You fall into a shaft and drop 3 floors!
  1610 | D:6      | Found a shattered altar of Ashenzari.
  1616 | D:6      | Became a worshipper of Ashenzari the Shackled
  1634 | D:5      | Entered Level 5 of the Dungeon
  1681 | D:5      | Found an ancient bone altar of Kikubaaqudgha.
  1769 | D:5      | Reached skill level 1 in Conjurations
  1769 | D:5      | Reached skill level 1 in Fire Magic
  1769 | D:5      | Reached skill level 5 in Poison Magic
  1937 | D:4      | Noticed an ogre
  1951 | D:4      | Reached XP level 6. HP: 44/45 MP: 3/11
  2788 | D:3      | Noticed Jessica
  2792 | D:3      | Killed Jessica
  3144 | D:3      | Noticed Sigmund
  3192 | D:3      | Killed Sigmund
  3192 | D:3      | Your scales start taking on a fiery red colour.
  3192 | D:3      | Reached XP level 7. HP: 28/50 MP: 2/13
  3192 | D:3      | Gained mutation: Your flesh is heat resistant. (rF+) [Red
                  | Draconian growth]
  3525 | D:2      | Noticed Natasha
  3529 | D:2      | Killed Natasha
  3649 | D:2      | Noticed Natasha
  3668 | D:2      | Killed Natasha
  3941 | D:2      | Noticed Natasha
  3944 | D:2      | Noticed Robin
  3946 | D:2      | Killed Natasha
  4068 | D:2      | Killed Robin
  4571 | D:4      | Reached * piety under Ashenzari
  4580 | D:4      | Found Rudghule's Armour Shoppe.
  5667 | D:4      | Found a radiant altar of Vehumet.
  5937 | D:4      | Found a shadowy altar of Dithmenos.
  5953 | D:4      | Learned a level 4 spell: Olgreb's Toxic Radiance
  6320 | D:5      | Reached skill level 1 in Shields
  6320 | D:5      | Reached skill level 5 in Spellcasting
  6320 | D:5      | Reached XP level 8. HP: 52/58 MP: 6/15
  6338 | D:5      | Reached skill level 1 in Fighting
  6540 | D:5      | Reached skill level 2 in Shields
  6792 | D:5      | Noticed Pikel
  6799 | D:5      | Killed Pikel
  6799 | D:5      | Reached skill level 3 in Shields
  7188 | D:5      | Reached skill level 4 in Shields
  7358 | D:6      | Learned a level 3 spell: Confusing Touch
  7370 | D:6      | Found a glowing golden altar of the Shining One.
  7679 | D:6      | Reached XP level 9. HP: 69/69 MP: 1/17
  8029 | D:7      | Found a staircase to the Ecumenical Temple.
  8036 | D:7      | Reached skill level 1 in Hexes
  8075 | D:7      | Learned a level 2 spell: Blink
  8118 | D:7      | Paralysed by a hornet for 3 turns
  8123 | D:7      | Reached skill level 5 in Shields
  8247 | D:7      | Reached skill level 1 in Translocations
  8383 | D:7      | Identified the +6 falchion of Dissent {vamp, +Rage rN+
                  | Dex+2}
  8408 | D:7      | Reached ** piety under Ashenzari
  8831 | D:8      | Found a sacrificial altar of Ru.
  8983 | D:7      | Reached skill level 6 in Shields
  9446 | D:8      | Reached skill level 1 in Long Blades
  9590 | D:8      | Noticed Maurice
  9620 | D:8      | Killed Maurice
  9620 | D:8      | Reached skill level 7 in Shields
  9859 | D:8      | Reached XP level 10. HP: 77/77 MP: 1/19
 10097 | D:8      | Reached skill level 8 in Shields
 10715 | D:8      | Reached skill level 9 in Shields
 10812 | D:8      | Found a staircase to the Lair.
 11503 | D:9      | Found a stormy altar of Qazlal.
 11506 | D:9      | Found a blossoming altar of Fedhas.
 11633 | D:9      | Mangled by a vampire

Levels and vault maps discovered:
D:1:      dpeg_arrival_round_c, layout_basic, kennysheep_decorative_pillar,
          minmay_misc_feat_diagonals, minivault_27, minmay_cupped
D:2:      layout_basic, nicolae_overflow_hidden_temple, first_ration,
          uniq_natasha, uniq_robin
D:3:      layout_basic, old_standard_altar, gup_sewer_entry_pipe, uniq_sigmund,
          uniq_jessica
D:4:      layout_loops_ring, amethyst_overflow_temple_binary, serial_shops,
          nicolae_shop_temple_entry_statues_fountains, kennysheep_nub
D:5:      layout_loops_ring, kennysheep_mini_moat, mrwooster_statue_mirror,
          kb_lookout_dungeons_type, uniq_pikel
D:6:      layout_cave_pools, evilmike_ruin_ashenzari, serial_column_ruins,
          column_ruins_courtyard_long_water, column_ruins_hut,
          column_ruins_open_small, column_ruins_columns_straight,
          column_ruins_open_small, column_ruins_open_small, st_stairs_9,
          tso_altar
D:7:      layout_basic, minmay_temple_entry_offerings
D:8:      layout_basic, nicolae_ru_great_annihilating_truth, erik_lair_island,
          david_nohive_1, uniq_maurice
D:9:      layout_long_grid, grunt_temple_overflow_forces_of_nature,
          dancing_weapons_uskayaw

Skill      XL: |  1  2  3  4  5  6  7  8  9 10 |
---------------+-------------------------------+-----
Poison Magic   | 4 5 6 8 |  8.0
Air Magic      | 1 2 3 |  3.0
Spellcasting   | 3 4 5 6 |  6.0
Conjurations   | 1 2 |  2.0
Fire Magic     | 1 3 4 |  4.0
Shields        | 1 4 7 9 |  9.4
Fighting       | 3 |  3.0
Hexes          | 2 |  2.0
Translocations | 2 |  2.0
Long Blades    | 2 4 |  4.8
Dodging        | |  1.7
Stealth        | |  1.7
Transmutations | |  1.0

Action                   |  1- 3 |  4- 6 |  7- 9 | 10-12 || total
-------------------------+-------+-------+-------+-------++-------
Melee: Dagger            |    94 |    82 |   139 |       ||   315
       Unarmed           |     6 |       |       |       ||     6
       Tailslap          |     6 |    10 |    37 |    11 ||    64
       Falchion          |       |       |   204 |   133 ||   337
Throw: Throwing net      |       |       |     1 |       ||     1
 Cast: Sting             |    26 |    22 |    64 |    10 ||   122
       Poisonous Vapours |    12 |    35 |   101 |    66 ||   214
       Mephitic Cloud    |       |       |    14 |     1 ||    15
       Ignite Poison     |       |       |    12 |     1 ||    13
       Confusing Touch   |       |       |     1 |     2 ||     3
Invok: Curse Item        |       |       |     4 |       ||     4
  Use: Scroll            |     1 |       |    18 |       ||    19
       Potion            |       |       |     2 |     3 ||     5
 Stab: Sleeping          |     4 |     2 |     5 |       ||    11
       Confused          |       |       |     2 |       ||     2
  Eat: Chunk             |     3 |     6 |    19 |     8 ||    36
       Ration            |       |       |     2 |       ||     2
Armor: Skin              |    58 |    28 |   242 |    86 ||   414
Dodge: Dodged            |    89 |    78 |   313 |    85 ||   565
       Rpst.: Falchion   |       |       |    63 |    25 ||    88

Table legend:
 A = Non-vault XP
 B = Vault XP
 C = Vault XP percentage of total XP
 D = Non-vault monster count
 E = Vault monster count
 F = Vault count percentage of total count
                 A         B        C        D         E       F
            +---------+---------+-------+---------+---------+-------
      Total |    4689 |    3980 |  45.9 |     171 |      60 |  26.0
            +---------+---------+-------+---------+---------+-------
        D:1 |      35 |       6 |  14.6 |      22 |       3 |  12.0
        D:2 |      97 |      69 |  41.6 |      10 |      11 |  52.4
        D:3 |      86 |     277 |  76.3 |      27 |       9 |  25.0
        D:4 |     460 |       0 |   0.0 |      24 |       0 |   0.0
        D:5 |     486 |     791 |  61.9 |      16 |       2 |  11.1
        D:6 |     383 |      37 |   8.8 |      14 |       1 |   6.7
        D:7 |     678 |     115 |  14.5 |      14 |       1 |   6.7
        D:8 |    2220 |    2536 |  53.3 |      41 |      27 |  39.7
        D:9 |     244 |       0 |   0.0 |       3 |       0 |   0.0
      Sewer |       0 |     149 | 100.0 |       0 |       6 | 100.0
            +---------+---------+-------+---------+---------+-------
